 Dungeon Crawl Stone Soup version 0.29.1-15-g9cfb28693d (webtiles) character file.

Game seed: 9064757750782677893

670 dudediamond6 the Magician (level 7, 0/50 HPs)
             Began as a Grey Draconian Conjurer on Feb 24, 2023.
             Slain by a centaur zombie (3 damage)
             ... in an ossuary.
             The game lasted 00:09:59 (4005 turns).

dudediamond6 the Magician (Grey Draconian Conjurer) Turns: 4005, Time: 00:10:00

Health: 0/50       AC: 13    Str:  9    XL:     7   Next: 32%
Magic:  16/17      EV: 12    Int: 20    God:
Gold:   362        SH:  0    Dex: 10    Spells: 16/20 levels left

rFire   . . .      SeeInvis +   n - +3 short sword
rCold   . . .      Faith    .   (no shield)
rNeg    . . .      Spirit   .   (body armour unavailable)
rPois   .          Reflect  .   (helmet restricted)
rElec   .          Harm     .   (no cloak)
rCorr   .          Rampage  .   i - +1 Delatra's gloves {ID++}
Will    .....                   (no boots)
Stlth   ++........              b - amulet of magic regeneration
HPRegen 0.16/turn               g - ring of see invisible
MPRegen 0.55/turn               (no ring)

@: marked
A: AC +11, amphibious, unfitting armour, cold-blooded
a: no special abilities


You were in an ossuary.
You visited 1 branch of the dungeon, and saw 5 of its levels.
You also visited: Ossuary.

You collected 362 gold pieces.

Inventory:

Hand Weapons
 n - a +3 short sword (weapon)
Missiles
 F - a throwing net
Armour
 i - the +1 Delatra's gloves (worn) {ID++}
   (You found it on level 2 of the Dungeon)

   It heals its wearer when they drink unknown potions.
   It restores its wearer's MP when they read unknown scrolls.
 y - a +2 kite shield
Magical Staves
 e - a staff of poison
Jewellery
 b - an amulet of magic regeneration (around neck)
 g - a ring of see invisible (left hand)
 v - a +6 ring of dexterity
 A - an amulet of faith
Wands
 u - a wand of flame (13)
Scrolls
 c - 2 scrolls of poison
 h - 4 scrolls of teleportation
 j - a scroll of magic mapping {unknown}
 k - a scroll of identify
 m - a scroll of fear {unknown}
 p - 2 scrolls of vulnerability {unknown}
 q - a scroll of amnesia {unknown}
 t - 3 scrolls of enchant weapon {unknown}
 w - a scroll of immolation {unknown}
 z - a scroll of butterflies {unknown}
 D - a scroll of torment {unknown}
Potions
 d - 2 potions of invisibility {unknown}
 f - 2 potions of curing {unknown}
 l - 2 potions of heal wounds {unknown}
 o - a potion of mutation {unknown}
 r - 2 potions of brilliance {unknown}
 s - a potion of attraction {unknown}
 x - a potion of flight {unknown}
 B - a potion of lignification {unknown}
 C - a potion of resistance {unknown}
 E - a potion of degeneration {unknown}


   Skills:
 - Level 2.0 Dodging
 - Level 1.7 Stealth
 + Level 7.4 Spellcasting
 - Level 4.1 Conjurations
 * Level 0.8 Earth Magic


You had 16 spell levels left.
You knew the following spells:

 Your Spells              Type           Power      Damage    Failure   Level
a - Magic Dart            Conj           92%        1d7       1%          1
b - Searing Ray           Conj           46%        2d6       2%          2
c - Sandblast             Erth           22%        2d7       6%          1

Your spell library contained the following spells:

 Spells                   Type           Power      Damage    Failure   Level
 Stone Arrow              Conj/Erth      34%        3d9       10%         3
 Passwall                 Tmut/Erth      7%         N/A       12%         2
 Dazzling Flash           Conj/Hex       30%        N/A       12%         3
 Frozen Ramparts          Ice            14%        1d3       26%         3
 Inner Flame              Hex/Fire       7%         N/A       26%         3
 Fulminant Prism          Conj/Hex       7%         3d7       36%         4
 Iskenderun's Mystic Bla  Conj/Tloc      15%        2d5       36%         4
 Cause Fear               Hex            3%         N/A       65%         4
 Ice Form                 Ice/Tmut       7%         N/A       65%         4
 Summon Ice Beast         Ice/Summ       7%         N/A       65%         4
 Discord                  Hex            3%         N/A       100%        8


Dungeon Overview and Level Annotations

Branches:
Dungeon (5/15)            Ossuary (1/1)
 Temple: D:4-7

Altars:
Fedhas
Makhleb
Wu Jian

Shops:
D:4 *


Innate Abilities, Weirdness & Mutations

Your dull iron-grey scales are very hard. (AC +11)
You are amphibious.
You cannot fit into any form of body armour.
You are cold-blooded and may be slowed by cold attacks.


Message History

The centaur zombie hits you but does no damage.
The centaur zombie misses you.
The searing ray hits the centaur zombie.
The centaur zombie is heavily damaged.
The centaur zombie hits you.
* * * LOW HITPOINT WARNING * * *
The centaur zombie barely misses you. The mummy misses you.
The hobgoblin zombie closely misses you.
Casting: Searing Ray (safe; 2% risk of failure)
Confirm with . or Enter, or press ? or * to list all spells.
Restarting spell: Searing Ray (safe; 2% risk of failure)
Press: ? - help, Shift-Dir - straight line, f - hobgoblin zombie, p - centaur zombie
Aim: a hobgoblin zombie (92% to hit)
The searing ray hits the hobgoblin zombie!
You destroy the hobgoblin zombie!
The searing ray hits the hobgoblin zombie.
The hobgoblin zombie is severely damaged. (Press . to maintain the ray.)
The centaur zombie hits you but does no damage.
The centaur zombie barely misses you.
The centaur zombie hits you but does no damage.
The centaur zombie kicks you but does no damage.
The mummy hits you but does no damage.
Without enough magic to sustain it, your searing ray dissipates.
The centaur zombie misses you.
The centaur zombie kicks you but does no damage.
Magic courses through your body. The centaur zombie hits you.
* * * LOW HITPOINT WARNING * * *
The centaur zombie kicks you but does no damage.
The hobgoblin zombie hits you but does no damage.
The mummy closely misses you.
Casting: Searing Ray (safe; 2% risk of failure)
Confirm with . or Enter, or press ? or * to list all spells.
Aiming: Magic Dart (safe; 1% risk of failure)
Press: ? - help, Shift-Dir - straight line, f/p - hobgoblin zombie
Aim: a hobgoblin zombie (severely damaged, 100% to hit)
The magic dart hits the hobgoblin zombie!
You destroy the hobgoblin zombie!
The centaur zombie hits you.
You die...

#####
##..@##
#..M.Z#
#.....#
#.....#
#.....#
#..∩..#
#.....#
#..∩..#
#.....#


You could see a mummy and a centaur zombie.

Vanquished Creatures
  The ghost of nalyd1 the Ruffian, an amateur OgTm (D:3)
  A black bear (D:4)
  2 scorpions
  A howler monkey (D:5)
  2 centaur zombies (Ossuary)
  An orc priest (D:3)
  Jessica (D:2)
  An orc wizard (D:2)
  2 mummies (Ossuary)
  7 adders
  2 worms
  3 dart slugs
  6 orcs
  11 endoplasms
  3 giant cockroaches (D:2)
  13 goblins
  5 hobgoblins
  8 kobolds
  3 quokkas
  9 ball pythons
  4 bats
  3 frilled lizards
  6 hobgoblin zombies (Ossuary)
  4 rats
99 creatures vanquished.

Notes
Turn   | Place    | Note
-------+----------+-------------------------------------------
     0 | D:1      | dudediamond6 the Draconian Conjurer began the quest for the
                  | Orb.
     0 | D:1      | Reached XP level 1. HP: 14/14 MP: 3/3
   172 | D:1      | Reached XP level 2. HP: 20/20 MP: 3/5
   505 | D:1      | Reached skill level 3 in Spellcasting
   604 | D:1      | Reached XP level 3. HP: 26/26 MP: 5/7
   917 | D:2      | Noticed Jessica
   923 | D:2      | Learned a level 2 spell: Searing Ray
   931 | D:2      | Killed Jessica
   961 | D:2      | Reached skill level 4 in Spellcasting
   961 | D:2      | Reached XP level 4. HP: 33/33 MP: 3/10
   981 | D:2      | Found the +1 Delatra's gloves {ID++}
  1491 | D:2      | Found a faded altar of an unknown god.
  1645 | D:2      | Reached XP level 5. HP: 38/38 MP: 9/12
  1958 | D:3      | Reached skill level 5 in Spellcasting
  2442 | D:3      | Found a runed translucent door.
  2442 | D:3      | Noticed nalyd1's ghost (amateur OgTm)
  2747 | D:3      | Found a blossoming altar of Fedhas.
  2747 | D:3      | Found an ornate altar of the Wu Jian Council.
  2748 | D:3      | Found a burning altar of Makhleb.
  2833 | D:3      | Killed nalyd1's ghost
  2834 | D:3      | Reached XP level 6. HP: 23/45 MP: 4/14
  3065 | D:4      | Reached skill level 6 in Spellcasting
  3412 | D:4      | Found Zopexuc's Neck Hole.
  3851 | D:5      | Entered Level 5 of the Dungeon
  3856 | D:5      | Your scales start taking on a dull iron-grey colour.
  3856 | D:5      | Reached XP level 7. HP: 50/50 MP: 14/17
  3862 | D:5      | Reached skill level 7 in Spellcasting
  3873 | D:5      | Learned a level 1 spell: Sandblast
  3968 | D:5      | Found a sand-covered staircase.
  3976 | Ossuary  | Entered an ossuary
  4005 | Ossuary  | Slain by a centaur zombie

Illustrated notes

Levels and vault maps discovered:
D:1:      tarquinn_simple_flora_water_b, layout_rooms, minivault_14
D:2:      minmay_alternating_diamond, layout_basic,
          hellmonk_ecumenical_altar_lost_god, pf_guarded_unrand_delatra,
          uniq_jessica
D:3:      layout_loops_ring, gammafunk_temple_overflow_claw,
          hellmonk_ghost_happy_afterlife
D:4:      layout_basic, nicolae_shop_sticking_my_neck_out
D:5:      layout_rooms, mainiacjoe_overflow_small_starburst,
          chequers_ossuary_entry_cave, nicolae_concentric_dashed_squares_wild
Ossuary:  ossuary_the_hunt_dpeg

Skill      XL: |  1  2  3  4  5  6  7 |
---------------+----------------------+-----
Dodging        | 2 |  2.0
Spellcasting   | 3 4 5 6 7 |  7.4
Stealth        | |  1.7
Conjurations   | |  4.1
Earth Magic    | |  0.8

Action                   |  1- 3 |  4- 6 |  7- 9 || total
-------------------------+-------+-------+-------++-------
Melee: Unarmed           |    22 |       |       ||    22
       Tailslap          |     3 |       |       ||     3
       Club              |     1 |     3 |       ||     4
       Short sword       |       |       |     1 ||     1
 Cast: Magic Dart        |    55 |   124 |    16 ||   195
       Searing Ray       |     2 |     6 |     8 ||    16
       Sandblast         |       |       |     8 ||     8
  Use: Scroll            |       |     2 |       ||     2
       Potion            |       |       |     1 ||     1
Armor: Skin              |    10 |    11 |    62 ||    83
Dodge: Dodged            |    13 |    16 |    41 ||    70
